Map: Ulrena

Players

Miszu

  • Race: Terran Terran
  • League: Master

BRATOK - Winner!

  • Race: Terran Terran
  • League: Master

VOD

Have the link to the VOD?

Description

Time

  • Played on: May 2, 2016, 9:16 a.m.
  • Length: 4:42
Show
View Real Time Build Order
Export as new Build Order

Miszu Terran 

Build Orders: 1/1/1 

Get SALT Encoding   

  12  0:01  SCV  
  13  0:13  SCV  
  14  0:17  Supply Depot  
  14  0:25  SCV  
  15  0:39  SCV  
  15  0:40  Barracks  
  16  0:44  Refinery  
  16  0:51  Refinery  
  16  0:54  SCV  
  17  1:06  SCV  
  19  1:28  Orbital Command  
  19  1:30  Factory  
  18  1:39  Reaper  
  19  1:46  Supply Depot  
  19  1:54  SCV  
  21  2:11  Reaper  
  21  2:14  Starport  
  22  2:17  Hellion  
  22  2:20  SCV  
  24  2:27  Supply Depot  
  24  2:34  SCV  
  25  2:38  Hellion  
  25  2:43  Reaper  
  28  2:46  SCV  
  29  2:51  Medivac  
  29  2:58  SCV  
  32  3:06  Hellion  
  34  3:16  Barracks Tech Lab  
  34  3:28  Command Center  
  34  3:31  SCV  
  34  3:33  Factory Tech Lab  
  35  3:39  Supply Depot  
  35  3:40  Barracks Reactor  
  35  3:46  Raven  
  37  3:51  SCV  
  35  4:07  SCV  
  31  4:22  SCV  
  32  4:24  Barracks Tech Lab  
  32  4:28  Barracks  
  32  4:30  Barracks  
Show
View Real Time Build Order
Export as new Build Order

BRATOK Terran - Winner!

Build Orders: 1/1/1 

Get SALT Encoding   

  12  0:00  SCV  
  13  0:12  SCV  
  14  0:17  Supply Depot  
  14  0:25  SCV  
  15  0:39  SCV  
  15  0:41  Barracks  
  16  0:44  Refinery  
  16  0:51  SCV  
  16  0:53  Refinery  
  17  1:03  SCV  
  18  1:15  SCV  
  19  1:28  Marine  
  19  1:29  Orbital Command  
  20  1:35  Factory  
  20  1:46  Marine  
  21  1:49  Supply Depot  
  21  1:54  SCV  
  22  2:04  Marine  
  23  2:11  SCV  
  24  2:19  Starport  
  24  2:20  Hellion  
  24  2:22  Barracks Reactor  
  26  2:25  SCV  
  27  2:33  Supply Depot  
  27  2:37  SCV  
  27  2:42  Factory Tech Lab  
  28  2:49  SCV  
  29  2:57  Viking  
  31  2:59  Marine x2  
  31  3:05  Siege Tank  
  34  3:16  Marine  
  34  3:17  Marine  
  34  3:19  Supply Depot  
  36  3:37  Siege Tank  
  36  3:41  Viking  
  41  3:42  Viking  
  43  3:49  Supply Depot  
  42  4:09  Siege Tank  
  43  4:18  Marine  
  43  4:21  Supply Depot  
  43  4:22  Engineering Bay  
  46  4:27  SCV  
Tags
 
Matchup
TvT
Opening
1/1/11/1/1
Race
Terran
Add a new tag
Caveats
  • Supply blocks, unpowered buildings, or Contaminate may cause inaccurate times.
  • Supply counts are checked every 10 seconds.